Map: Dusk Towers

Players

EleMenTfiNi - Winner!

  • Race: Protoss Protoss
  • League: Diamond

A.I. 1 (Hard)

  • Race: Zerg Zerg

VOD

Have the link to the VOD?

Description

Time

  • Played on: Nov. 30, 2015, 1:02 p.m.
  • Length: 6:58
Show
View Real Time Build Order
Export as new Build Order

EleMenTfiNi Protoss - Winner!

Build Orders:  

Get SALT Encoding   

  12  0:01  Probe (Chrono Boost)  
  13  0:11  Probe (Chrono Boost)  
  14  0:19  Pylon  
  14  0:22  Probe (Chrono Boost)  
  15  0:37  Probe (Chrono Boost)  
  15  0:38  Gateway  
  16  0:46  Assimilator  
  16  0:48  Probe (Chrono Boost)  
  17  0:58  Probe (Chrono Boost)  
  18  1:05  Assimilator  
  18  1:09  Probe (Chrono Boost)  
  19  1:19  Probe (Chrono Boost)  
  20  1:25  Cybernetics Core  
  20  1:26  Pylon  
  20  1:30  Probe (Chrono Boost)  
  21  1:44  Pylon  
  21  1:45  Probe (Chrono Boost)  
  22  2:02  Warp Gate (Chrono Boost)  
  22  2:04  Probe  
  22  2:06  Robotics Facility  
  23  2:09  Gateway  
  23  2:17  Mothership Core  
  25  2:22  Pylon  
  25  2:54  Immortal (Chrono Boost)  
  29  3:00  Gateway  
  29  3:02  Gateway  
  29  3:05  Gateway  
  29  3:28  Warp Prism (Chrono Boost)  
  31  3:54  Pylon  
  31  3:56  Pylon  
  31  3:59  Adept x4  
  39  4:17  Pylon  
  39  4:18  Pylon  
  39  4:21  Stalker  
  41  4:31  Adept x2  
  42  4:36  Adept x2  
  46  4:48  Stalker  
  48  4:57  Adept  
  50  5:01  Zealot x2  
  50  5:03  Zealot  
  56  5:19  Zealot x2  
  60  5:24  Stalker  
  62  5:53  Zealot x5  
  72  5:59  Pylon  
  72  6:00  Pylon  
  72  6:33  Stalker x2  
  72  6:34  Zealot x3  
Show
View Real Time Build Order
Export as new Build Order

A.I. 1 (Hard) Zerg 

Build Orders: Hatch First 

Get SALT Encoding   

  12  0:01  Drone  
  13  0:12  Overlord  
  13  0:17  Drone  
  14  0:30  Drone  
  14  0:32  Drone  
  14  0:34  Drone  
  17  0:54  Hatchery  
  17  0:55  Drone  
  17  1:11  Spawning Pool  
  16  1:12  Drone  
  16  1:15  Drone  
  18  1:19  Extractor  
  18  1:21  Drone  
  18  1:28  Overlord  
  18  1:38  Drone  
  19  1:59  Zergling x2, Queen  
  19  2:00  Zergling x2  
  23  2:02  Roach Warren  
  23  2:05  Drone  
  23  2:07  Extractor  
  22  2:14  Baneling Nest  
  21  2:21  Drone  
  22  2:24  Drone  
  22  2:28  Zergling x2  
  24  2:31  Zergling x2  
  24  2:36  Drone  
  26  2:47  Roach  
  28  2:54  Overlord  
  28  3:02  Roach  
  28  3:05  Drone  
  31  3:08  Drone  
  31  3:11  Drone  
  33  3:15  Drone  
  33  3:18  Lair, Baneling  
  34  3:34  Drone  
  35  3:36  Drone  
  36  3:42  Overlord  
  36  3:48  Evolution Chamber  
  35  3:49  Drone  
  36  3:55  Evolution Chamber  
  36  3:56  Drone  
  36  4:01  Roach  
  40  4:17  Roach  
  40  4:18  Hydralisk Den  
  40  4:20  Zergling x2  
  39  4:24  Zergling x2  
  39  4:26  Drone  
  39  4:27  Zergling x2  
  39  4:31  Roach  
  39  4:35  Zergling x2  
  38  4:38  Roach  
  38  4:42  Zergling x2  
  37  4:45  Zergling x2  
  37  4:49  Zergling x2  
  36  4:53  Zergling x2  
  36  4:56  Zergling x2  
  36  4:58  Overlord  
  37  5:02  Zergling x2  
  35  5:08  Zergling x2  
  35  5:12  Zergling x2  
  35  5:15  Zergling x2  
  35  5:17  Drone  
  35  5:18  Drone  
  35  5:19  Zergling x2  
  33  5:23  Zergling x2  
  33  5:26  Drone  
  33  5:27  Zergling x2  
  30  5:37  Zergling x2  
  30  5:41  Zergling x2  
  29  5:44  Hydralisk  
  29  5:45  Drone  
  29  5:48  Zergling x2  
  31  5:50  Drone  
  31  5:51  Hydralisk  
  29  5:59  Zergling x2  
  29  6:02  Hydralisk  
  27  6:12  Drone  
  27  6:14  Hydralisk  
  27  6:17  Drone  
  27  6:20  Drone  
  27  6:21  Spawning Pool  
  27  6:23  Drone  
  3  6:42  Drone  
Tags
 
Add a new tag
Caveats
  • Supply blocks, unpowered buildings, or Contaminate may cause inaccurate times.
  • Supply counts are checked every 10 seconds.